 Dungeon Crawl Stone Soup version 0.18.1-47-g9310371 (webtiles) character file.

95963 raph the Bludgeoner (level 15, -4/138 HPs)
             Began as a Minotaur Fighter on June 16, 2016.
             Was the Champion of the Shining One.
             Slain by a catoblepas (5 damage)
             ... led by Polyphemus
             ... on level 2 of the Shoals.
             The game lasted 01:15:23 (29583 turns).

raph the Bludgeoner (Minotaur Fighter)             Turns: 29583, Time: 01:15:25

Health: -4/138     AC: 25    Str: 31    XL:     15   Next: 67%
Magic:  11/22      EV:  2    Int:  5    God:    the Shining One [******]
Gold:   2606       SH:  0    Dex: 14    Spells: 2 memorised, 12 levels left

rFire  . . .     SeeInvis .     e - +9 eveningstar (holy)
rCold  . . .     Gourm    .     F - +0 plate armour
rNeg   + + +     Faith    +     y - +2 shield
rPois  ∞         Spirit   .     (helmet unavailable)
rElec  .         Dismiss  .     k - +2 cloak
rCorr  .         Reflect  .     b - +2 pair of gloves
SustAt .         Harm     .     i - +1 pair of boots {Stlth+}
MR     +++..     Clarity  +     c - amulet of faith
Stlth  ..........               p - ring of Onegynk {MR++ EV-3 Str+8 Stlth-} (curse)
                                P - ring of poison resistance

@: divine shield, petrified, glowing, extremely resistant to hostile
enchantments, extremely unstealthy
A: retaliatory headbutt, horns 3, clarity
a: Divine Shield, Cleansing Flame, Summon Divine Warrior, Renounce Religion


You were on level 2 of the Shoals.
You worshipped the Shining One.
The Shining One was exalted by your worship.
You were not hungry.

You visited 4 branches of the dungeon, and saw 26 of its levels.
You also visited: Sewer.

You collected 2761 gold pieces.
You spent 155 gold pieces at shops.

Inventory:

Hand Weapons
 e - a +9 eveningstar of holy wrath (weapon)
 E - a +0 morningstar
Missiles
 J - 21 javelins (quivered)
Armour
 b - a +2 pair of gloves (worn)
 i - a +1 pair of boots of stealth (worn)
 k - a +2 cloak (worn)
 y - a +2 shield (worn)
 F - a +0 plate armour (worn)
Jewellery
 c - an amulet of faith (around neck)
 g - a +4 ring of protection
 p - the cursed ring of Onegynk (right hand) {MR++ EV-3 Str+8 Stlth-}
   (You found it on level 5 of the Dungeon)

   [ring of evasion]

   It affects your evasion (-3).
   It affects your strength (+8).
   It affects your resistance to hostile enchantments.
   It makes you less stealthy.
   It has a curse placed upon it.
 P - a ring of poison resistance (left hand)
 Z - an uncursed ring of resist corrosion
Wands
 a - a wand of slowing (29/48)
 d - a wand of polymorph (13/24)
 h - a wand of lightning (6/15)
 n - a wand of hasting (2/9)
 A - a wand of flame (4/48)
 H - a wand of flame (48/48)
 K - a wand of acid (3/15)
 L - a wand of disintegration (10/24)
 S - a wand of iceblast (6/15)
 T - a wand of digging (19/24)
 V - a wand of lightning (8/15)
Scrolls
 j - a scroll of magic mapping
 m - 17 scrolls of remove curse
 o - 3 scrolls of enchant weapon
 r - 5 scrolls of identify
 x - 2 scrolls of fog
 C - 7 scrolls of teleportation
 D - a scroll of enchant armour
 R - 2 scrolls of blinking
 Y - 3 scrolls of fear
Potions
 l - 2 potions of resistance
 q - 3 potions of brilliance
 t - 5 potions of cure mutation
 u - 9 potions of curing
 v - a potion of magic
 w - 10 potions of flight
 z - a potion of lignification
 B - 2 potions of agility
 M - a potion of heal wounds
 W - 2 potions of berserk rage
Miscellaneous
 N - a disc of storms
Comestibles
 f - 21 bread rations
 s - 2 meat rations
 G - a chunk of flesh


   Skills:
 + Level 14.0 Fighting
 + Level 18.1 Maces & Flails
 - Level 5.6 Throwing
 + Level 13.4 Armour
 + Level 11.7 Dodging
 + Level 8.1 Shields
 + Level 11.0 Invocations


You had 12 spell levels left.
You knew the following spells:

 Your Spells              Type           Power        Failure   Level  Hunger
a - Apportation           Tloc           #.........   100%        1    ##.....
b - Summon Butterflies    Summ           #.......     100%        1    ##.....


Dungeon Overview and Level Annotations

Branches:
Dungeon (15/15)            Temple (0/1) D:6            Lair (7/8) D:11
 Shoals (2/4) Lair:4       Spider (0/4) Lair:5        Slime (0/6) Lair:6
    Orc (2/2) D:10            Elf (0/3) Orc:2        Vaults (0/5) D:14
 Depths (0/5) D:15

Altars:
Cheibriados
Fedhas
Nemelex Xobeh
Pakellas
Trog
Xom
The Shining One
Jiyva

Shops:
D:3 }   D:13 *   D:14 *   D:15 }   Orc:2 ((((

Annotations:
D:14 exclusion: oklob plant
Lair:6 1 runed door
Shoals:2 Polyphemus


Innate Abilities, Weirdness & Mutations

You reflexively headbutt those who attack you in melee.
You have a pair of large horns on your head.
You possess an exceptional clarity of mind.


Message History

The merfolk is moderately wounded.
The golden flame engulfs the death yak.
The death yak writhes in agony!
The death yak is lightly wounded.
You feel somewhat more hungry.
You are engulfed in calcifying dust.
Your limbs have turned to stone.
The sea snake bites you but does no damage.
The death yak is engulfed in calcifying dust.
The catoblepas gores you!
* * * LOW HITPOINT WARNING * * *
The sea snake bites you.
The merfolk hits you but does no damage.
The death yak is engulfed in calcifying dust.
You have turned to stone.
A siren comes into view. It is wielding a spear.
You are engulfed in calcifying dust.
The siren chants a haunting song.
You are unaffected.
The sea snake bites you!
* * * LOW HITPOINT WARNING * * *
The catoblepas gores you!
You die...

≈≈≈≈≈≈≈≈≈≈....##...≈≈≈≈≈≈≈≈≈...#.
≈≈.≈≈..≈≈.##...###.≈≈≈≈≈≈≈.≈####.
≈≈≈≈≈..≈≈(####.###.≈≈≈≈≈≈≈≈≈..##.
≈≈≈≈..≈≈≈).#.......≈≈≈≈≈≈≈≈≈.....
≈≈.......≈...######.≈≈≈≈≈≈≈≈≈.(≈≈
≈..##..#.....# #..≈≈≈≈≈≈≈≈≈≈≈≈
#<####).##### #..≈≈≈≈≈≈≈≈≈≈≈≈ ###
######Y###..≈≈≈≈≈≈≈≈≈≈≈≈
#YS@#..≈≈≈≈≈≈≈≈≈≈≈≈≈
##.C.Y..≈..≈≈≈≈≈≈≈≈≈≈
###.†m.m§.≈≈≈≈≈≈≈≈≈≈≈≈≈
#........§≈≈≈≈≈≈≈≈≈≈≈≈≈
#..≈......≈≈≈...≈≈≈≈≈≈≈≈≈≈≈
#.≈≈≈...≈≈≈≈≈≈≈≈≈≈≈≈≈≈≈≈≈≈
#..≈≈≈≈≈≈≈≈≈≈≈m≈≈≈≈≈≈≈≈
..#.....≈≈≈≈≈≈≈≈≈≈≈≈≈≈ .
#..≈..≈≈≈≈≈≈≈≈≈≈≈≈≈


You could see Polyphemus, 2 death yaks, a catoblepas, a sea snake, a merfolk and
2 sirens.

Vanquished Creatures
  A kraken (Shoals:1)
  Maud (D:12)
  A ghoul (D:14)
  The ghost of Malvoorn the Covert, a journeyman KoBe of Trog (Lair:5)
  2 merfolk impalers
  A merfolk javelineer (Shoals:1)
  A vault guard (D:14)
  Josephine (D:13)
  5 hydras
  4 ogre magi (Orc:2)
  4 centaur warriors
  Erica (Orc:1)
  2 merfolk avatars
  Erolcha (D:13)
  4 death yaks (Lair:6)
  5 sea snakes
  An unseen horror (D:14)
  A giant orange brain (D:15)
  A lindwurm (Lair:7)
  7 skeletal warriors
  4 hill giants
  8 harpies (Shoals:1)
  9 ugly things
  5 griffons
  2 cyclopes (D:15)
  4 manticores
  An orc sorcerer (Orc:1)
  2 slime creatures (D:15)
  2 sirens (Shoals:1)
  16 elephants
  7 black mambas
  A water nymph (Shoals:2)
  A gargoyle (D:10)
  7 spiny frogs
  A spiny frog (shapeshifter) (D:15)
  A rime drake (Lair:5)
  8 komodo dragons
  6 merfolk
  4 trolls
  2 wind drakes
  A jumping spider (shapeshifter) (D:15)
  A wind drake (shapeshifter) (D:15)
  16 two-headed ogres
  Grinder (D:6)
  3 snapping turtles (Shoals:1)
  9 blink frogs
  An air elemental (Orc:2)
  A centaur simulacrum (D:14)
  2 water elementals (Shoals:1)
  4 wraiths
  A hog (shapeshifter) (D:15)
  4 basilisks
  39 yaks
  A wyvern (D:8)
  4 hungry ghosts
  13 hippogriffs
  5 wargs
  3 mottled dragons
  A steam dragon (D:8)
  The ghost of Malvoorn the Sneak, an amateur KoBe of Trog (D:3)
  5 swamp worms (Lair:7)
  2 soldier ants
  Duvessa (D:6)
  11 porcupines
  8 water moccasins
  16 orc warriors
  2 ice beasts
  2 wasps
  3 black bears
  4 phantoms
  28 ogres
  3 sky beasts
  5 wolves (Lair:1)
  22 centaurs
  13 crocodiles
  5 big kobolds
  Blork the orc (D:6)
  20 giant frogs
  11 scorpions
  Dowan (D:6)
  3 wyvern skeletons
  9 killer bees
  11 wights
  7 electric eels
  7 crimson imps
  4 howler monkeys (D:8)
  14 orc priests
  2 quasits
  5 centaur zombies
  17 orc wizards
  7 hounds
  2 jellies
  A giant frog skeleton (D:4)
  15 iguanas
  2 centaur skeletons
  14 worker ants
  A killer bee zombie (D:7)
  A mummy (D:14)
  2 worker ant zombies
  21 adders
  A howler monkey skeleton (D:11)
  50 river rats
  9 shadow imps
  2 oozes
  An adder zombie (D:8)
  2 adder skeletons
  19 worms
  2 dart slugs
  6 giant geckos
  68 orcs
  8 giant cockroaches
  7 goblins
  4 hobgoblins
  15 jackals
  5 quokkas
  4 ball pythons
  15 bats
  7 giant newts
  A jackal skeleton (D:7)
  28 kobolds
  A quokka skeleton (D:4)
  8 rats
  A fungus (D:14)
  2 plants
  4 tentacles (Shoals:1)
825 creatures vanquished.

Vanquished Creatures (collateral kills)
  A hippogriff (Lair:4)
1 creature vanquished.

Vanquished Creatures (others)
  A wizard (D:6)
  An orc (D:3)
  7 fungi
  7 plants
  15 tentacles (Shoals:1)
  657 tentacle segments (Shoals:1)
688 creatures vanquished.

Grand Total: 1514 creatures vanquished

Notes
Turn   | Place    | Note
--------------------------------------------------------------
     0 | D:1      | raph the Minotaur Fighter began the quest for the Orb.
     0 | D:1      | Reached XP level 1. HP: 19/19 MP: 0/0
   125 | D:1      | Reached skill level 3 in Maces & Flails
   261 | D:1      | Reached XP level 2. HP: 19/26 MP: 1/1
   908 | D:2      | Reached skill level 4 in Maces & Flails
  1002 | D:2      | Reached XP level 3. HP: 31/31 MP: 2/2
  1088 | D:2      | Reached skill level 5 in Maces & Flails
  1121 | D:2      | Reached XP level 4. HP: 37/39 MP: 3/3
  1779 | D:3      | Reached skill level 6 in Maces & Flails
  1779 | D:3      | Reached XP level 5. HP: 14/45 MP: 4/4
  1787 | D:3      | Reached skill level 7 in Maces & Flails
  1870 | D:3      | Noticed Malvoorn's ghost (amateur KoBe)
  2669 | D:3      | Found a glowing golden altar of the Shining One.
  2672 | D:3      | Found a snail-covered altar of Cheibriados.
  2689 | D:3      | Reached XP level 6. HP: 27/52 MP: 5/5
  2968 | D:3      | Became a worshipper of the Shining One
  3213 | D:3      | Found an oddly glowing altar of Pakellas.
  3213 | D:3      | Found Pakellas's Prime Provisions.
  3590 | D:4      | Reached skill level 8 in Maces & Flails
  3831 | D:4      | Reached XP level 7. HP: 41/60 MP: 6/6
  4182 | D:5      | Entered Level 5 of the Dungeon
  4200 | D:5      | Reached skill level 5 in Fighting
  4200 | D:5      | Reached skill level 9 in Maces & Flails
  4200 | D:5      | Reached skill level 5 in Armour
  4203 | D:5      | Reached skill level 1 in Invocations
  4329 | D:5      | Reached * piety under the Shining One
  4645 | D:5      | Reached XP level 8. HP: 63/69 MP: 8/8
  4707 | D:5      | Found a glowing drain.
  4740 | Sewer    | Entered a sewer
  5221 | D:5      | Got a glittering bone ring
  5515 | D:6      | Identified the cursed ring of Onegynk {MR++ EV-3 Str+8 Stlth-} (You found it on level 5 of the Dungeon)
  5517 | D:6      | Found a staircase to the Ecumenical Temple.
  5521 | D:6      | Noticed Blork the orc
  5528 | D:6      | Killed Blork the orc
  5528 | D:6      | Reached skill level 10 in Maces & Flails
  5630 | D:6      | Noticed Grinder
  5648 | D:6      | Killed Grinder
  5648 | D:6      | Reached skill level 1 in Dodging
  5794 | D:6      | Noticed Duvessa
  5794 | D:6      | Noticed Dowan
  5802 | D:6      | Killed Dowan
  5810 | D:6      | Killed Duvessa
  6238 | D:6      | Found a bloodstained altar of Trog.
  6241 | D:6      | Noticed a wizard
  6246 | D:6      | Killed a wizard
  6287 | D:7      | Reached XP level 9. HP: 78/78 MP: 10/10
  6414 | D:7      | Reached skill level 11 in Maces & Flails
  6455 | D:7      | Reached ** piety under the Shining One
  6915 | D:8      | Found a shimmering altar of Xom.
  7074 | D:8      | Found a sparkling altar of Nemelex Xobeh.
  7353 | D:8      | Reached *** piety under the Shining One
  7420 | D:8      | Reached XP level 10. HP: 64/88 MP: 12/12
  7769 | D:9      | Reached skill level 12 in Maces & Flails
  8047 | D:9      | Reached skill level 1 in Throwing
  8480 | D:10     | Entered Level 10 of the Dungeon
  8492 | D:10     | Noticed a gargoyle
  8499 | D:10     | Killed a gargoyle
  8636 | D:10     | Identified a +0 rod of inaccuracy (11/11) (You found it on level 10 of the Dungeon)
  8833 | D:10     | Reached skill level 5 in Dodging
  8833 | D:10     | Reached skill level 5 in Shields
  9052 | D:10     | Reached skill level 5 in Invocations
  9107 | D:10     | Reached **** piety under the Shining One
  9215 | D:10     | Found a staircase to the Orcish Mines.
 10028 | D:3      | Killed Malvoorn's ghost
 10757 | D:11     | Reached XP level 11. HP: 81/97 MP: 14/14
 10974 | D:11     | Reached ***** piety under the Shining One
 11056 | D:11     | Found a staircase to the Lair.
 11056 | D:11     | Noticed a purple ugly thing
 11070 | D:11     | Killed a purple ugly thing
 11409 | D:11     | Reached skill level 13 in Maces & Flails
 11786 | D:12     | Noticed Maud
 11819 | D:12     | Killed Maud
 12709 | Lair:1   | Entered Level 1 of the Lair of Beasts
 13403 | Lair:1   | Identified a scroll of acquirement
 13537 | Lair:1   | Reached skill level 10 in Fighting
 13538 | Lair:1   | Noticed a four-headed hydra
 13551 | Lair:1   | Killed a four-headed hydra
 13877 | Lair:1   | Reached XP level 12. HP: 102/106 MP: 16/16
 13882 | Lair:1   | Reached skill level 14 in Maces & Flails
 15341 | Lair:3   | Reached skill level 10 in Armour
 15683 | Lair:3   | Noticed a six-headed hydra
 15695 | Lair:3   | Killed a six-headed hydra
 15696 | Lair:3   | Reached skill level 5 in Throwing
 17258 | Lair:4   | Found a staircase to the Shoals.
 17436 | Lair:4   | Noticed a five-headed hydra
 17445 | Lair:4   | Killed a five-headed hydra
 17836 | Lair:4   | Reached skill level 15 in Maces & Flails
 18021 | Lair:5   | Noticed Malvoorn's ghost (journeyman KoBe)
 18069 | Lair:5   | Killed Malvoorn's ghost
 18245 | Lair:5   | Found a hole to the Spider Nest.
 18589 | Lair:5   | Reached XP level 13. HP: 116/116 MP: 17/17
 19088 | Lair:6   | Found a runed door.
 19089 | Lair:6   | Found a viscous altar of Jiyva.
 19091 | Lair:6   | Found a staircase to the Slime Pits.
 19091 | Lair:6   | Noticed an azure jelly
 19815 | Lair:6   | Reached skill level 16 in Maces & Flails
 22060 | Orc:1    | Entered Level 1 of the Orcish Mines
 22063 | Orc:1    | Noticed Erica
 22081 | Orc:1    | Killed Erica
 22479 | Orc:1    | You fall through a shaft!
 22479 | Orc:2    | Entered Level 2 of the Orcish Mines
 22660 | Orc:2    | Found a staircase to the Elven Halls.
 22719 | Orc:2    | Reached XP level 14. HP: 118/126 MP: 19/19
 23018 | Orc:2    | Reached skill level 10 in Dodging
 23099 | Orc:2    | Found Alleruk's Antique Weapon Emporium.
 23099 | Orc:2    | Found Faeffico's Weapon Shop.
 23099 | Orc:2    | Found Gesoer's Antique Weapon Boutique.
 23099 | Orc:2    | Found Lagikkusm's Weapon Emporium.
 23739 | D:13     | Noticed Josephine
 23747 | D:13     | Killed Josephine
 23768 | D:13     | Gained mutation: You possess an exceptional clarity of mind. [potion of beneficial mutation]
 23769 | D:13     | Gained mutation: You have a pair of large horns on your head. [potion of beneficial mutation]
 23790 | D:13     | Reached skill level 17 in Maces & Flails
 24445 | D:13     | Noticed Erolcha
 24451 | D:13     | Killed Erolcha
 24567 | D:13     | Found Lischiz's Assorted Antiques.
 24576 | D:13     | Bought a copper ring for 155 gold pieces
 24582 | D:13     | Identified a -3 rod of inaccuracy (14/14) (You found it on level 3 of the Lair of Beasts)
 24615 | D:13     | Reached ****** piety under the Shining One
 24669 | D:13     | Identified an eveningstar of holy wrath (an eveningstar of draining blessed by the Shining One)
 24669 | D:13     | Received a gift from the Shining One
 24949 | D:14     | Found Emasas's Assorted Antiques.
 25046 | D:14     | Noticed a ghoul
 25057 | D:14     | Killed a ghoul
 25057 | D:14     | Reached skill level 10 in Invocations
 25238 | D:14     | Found a gate to the Vaults.
 25577 | D:14     | Reached XP level 15. HP: 136/136 MP: 21/21
 25670 | D:14     | Found a blossoming altar of Fedhas.
 25906 | D:15     | Entered Level 15 of the Dungeon
 25906 | D:15     | Found Uwko's Gadget Emporium.
 26420 | D:15     | Found a shimmering altar of Xom.
 26630 | D:15     | Found a staircase to the Depths.
 26662 | D:15     | Learned a level 1 spell: Apportation
 26664 | D:15     | Learned a level 1 spell: Summon Butterflies
 27106 | Shoals:1 | Entered Level 1 of the Shoals
 28084 | Shoals:1 | Noticed a kraken
 28121 | Shoals:1 | Killed a kraken
 28121 | Shoals:1 | Reached skill level 18 in Maces & Flails
 29563 | Shoals:2 | Noticed Polyphemus
 29582 | Shoals:2 | HP: 5/138 [catoblepas[Polyphemus] (8)]
 29583 | Shoals:2 | HP: 1/138 [sea snake (4)]
 29583 | Shoals:2 | Slain by a catoblepas

Skill      XL: |  1  2  3  4  5  6  7  8  9 10 11 12 13 14 15 |
---------------+----------------------------------------------+-----
Maces & Flails | 3 4 5 6 7 8 9 10 11 12 13 15 16 17 18 | 18.1
Armour         | 4 5 6 7 8 9 10 11 12 13 | 13.4
Fighting       | 4 5 6 8 9 10 11 12 13 14 | 14.0
Invocations    | 1 3 4 5 6 7 9 10 11 | 11.0
Dodging        | 2 4 5 6 8 9 10 11 | 11.7
Shields        | 4 5 6 8 |  8.1
Throwing       | 2 4 5 |  5.6

Action                   |  1- 3 |  4- 6 |  7- 9 | 10-12 | 13-15 || total
-------------------------+-------+-------+-------+-------+-------++-------
Melee: Flail             |   111 |   187 |   243 |       |       ||   541
       Headbutt          |    15 |    32 |    68 |   194 |   304 ||   613
       Morningstar       |       |       |    72 |   777 |   722 ||  1571
       Eveningstar       |       |       |       |       |   310 ||   310
Throw: Javelin           |       |       |       |     5 |    24 ||    29
Invok: Divine Shield     |       |       |     1 |     2 |     2 ||     5
       Brand Weapon With |       |       |       |       |     1 ||     1
       Cleansing Flame   |       |       |       |       |     4 ||     4
       Summon Divine War |       |       |       |       |     1 ||     1
Evoke: Wand              |       |       |       |     3 |     6 ||     9
  Use: Scroll            |     1 |     8 |     9 |     8 |    10 ||    36
       Potion            |       |       |     1 |     3 |     6 ||    10
  Eat: Chunk             |     1 |     7 |    13 |    36 |    28 ||    85
       Beef jerky        |       |     1 |       |       |     1 ||     2
       Pizza             |       |       |       |     1 |     1 ||     2
       Meat ration       |       |       |       |       |     1 ||     1
       Royal jelly       |       |       |       |       |     1 ||     1
Armor: Scale mail        |    54 |    83 |       |       |       ||   137
       Chain mail        |       |     5 |   102 |       |       ||   107
       Plate armour      |       |       |    41 |   360 |   515 ||   916
Dodge: Dodged            |    32 |    45 |    62 |   153 |   306 ||   598
Block: Shield            |    49 |   109 |   142 |   419 |   589 ||  1308
